 Dungeon Crawl Stone Soup version 0.29-a0-352-g0917bc69df (webtiles) character file.

Game seed: 13337618852840860607

329 Colgate the Sneak (level 6, -2/35 HPs)
             Began as a Kobold Brigand on Apr 24, 2022.
             Was a Priest of Jiyva.
             Slain by a river rat (5 damage)
             ... summoned by Eustachio
             ... on level 5 of the Dungeon.
             The game lasted 00:11:05 (4154 turns).

Colgate the Sneak (Kobold Brigand)                  Turns: 4154, Time: 00:11:05

Health: -2/35      AC:  9    Str: 12    XL:     6   Next: 80%
Magic:  11/11      EV: 14    Int: 14    God:    Jiyva [***...]
Gold:   230        SH:  0    Dex: 17    Spells: 11/12 levels left

rFire   . . .      SeeInvis .   a - +3 dagger (venom)
rCold   . . .      Faith    .   (no shield)
rNeg    + . .      Spirit   .   b - +0 robe
rPois   .          Reflect  .   (no helmet)
rElec   .          Harm     .   c - +0 cloak
rCorr   +          Rampage  .   (no gloves)
Will    .....                   k - +1 pair of boots
Stlth   +++++.....              (no amulet)
HPRegen 1.23/turn               f - ring of positive energy
MPRegen 0.47/turn               r - +4 ring of protection

@: no status effects
A: small, no large weapons, nightstalker 3, strong 2, translucent skin 2
a: Renounce Religion, Oozemancy


You were on level 5 of the Dungeon.
You worshipped Jiyva.
Jiyva was most pleased with you.
You visited 1 branch of the dungeon, and saw 5 of its levels.

You collected 230 gold pieces.

Inventory:

Hand Weapons
 a - a +3 dagger of venom (weapon)
 u - a +0 antimagic long sword
 v - a +0 rapier
Missiles
 d - 11 poisoned darts (quivered)
 e - 3 curare-tipped darts
 w - a throwing net {!f}
Armour
 b - a +0 robe (worn)
 c - a +0 cloak (worn)
 k - a +1 pair of boots (worn)
Jewellery
 f - a ring of positive energy (left hand)
 r - a +4 ring of protection (right hand)
Scrolls
 g - 3 scrolls of teleportation {@r3}
 i - a scroll of immolation {unknown}
 l - a scroll of enchant armour {unknown}
 p - a scroll of amnesia {unknown}
 q - a scroll of holy word {unknown}
 t - a scroll of fog {unknown}
Potions
 h - 3 potions of heal wounds {@q2}
 j - 2 potions of curing {@q1}
 m - a potion of resistance {unknown}
 n - a potion of flight {unknown}
 o - a potion of might {unknown}
 s - a potion of attraction


   Skills:
 - Level 2.1 Fighting
 - Level 4.2 Short Blades
 - Level 2.1 Throwing
 - Level 1.2 Dodging
 - Level 6.0 Stealth
 - Level 3.6 Spellcasting
 - Level 2.6 Conjurations
 - Level 1.1 Air Magic
 + Level 1.6 Poison Magic


You had 11 spell levels left.
You knew the following spells:

 Your Spells              Type           Power      Damage    Failure   Level
a - Magic Dart            Conj           40%        1d5       7%          1

Your spell library contained the following spells:

 Spells                   Type           Power      Damage    Failure   Level
 Mephitic Cloud           Conj/Pois/Air  7%         N/A       28%         3
 Call Imp                 Summ           2%         N/A       30%         2


Dungeon Overview and Level Annotations

Branches:
Dungeon (5/15)
 Temple: D:4-7

Altars:
Jiyva

Shops:
D:4 =

Annotations:
D:5 Eustachio


Innate Abilities, Weirdness & Mutations

You are small and have problems with some larger weapons.
You are completely attuned to the shadows.
Your muscles are very strong. (Str +4)
Your translucent skin reduces your foes' accuracy. (Stealth+)


Message History

You hit Eustachio but do no damage. The river rat misses you.
The river rat bites you but does no damage.
The river rat closely misses you.
Eustachio mumbles some strange words.
You hit Eustachio. The bat barely misses you. The river rat bites you.
The river rat completely misses you.
The river rat bites you but does no damage.
You closely miss Eustachio.
The river rat disappears in a puff of smoke!
The bat misses you. The bat hits you but does no damage.
Eustachio closely misses you.
You hit Eustachio.
Eustachio looks as sick as possible!
The bat barely misses you. The quokka closely misses you.
The river rat misses you. The river rat completely misses you.
Eustachio barely misses you.
You hit Eustachio but do no damage.
Eustachio looks as sick as possible!
The bat misses you. The quokka bites you. The bat completely misses you.
The river rat closely misses you.
The river rat bites you but does no damage.
Eustachio hits you with a +0 rapier.
You closely miss Eustachio. The bat hits you but does no damage.
The quokka barely misses you. The river rat completely misses you.
The river rat bites you. The bat hits you but does no damage.
Eustachio hits you with a +0 rapier!
* * * LOW HITPOINT WARNING * * *
You hit Eustachio.
Eustachio looks as sick as possible!
The quokka misses you. The bat hits you but does no damage.
The river rat bites you.
* * * LOW HITPOINT WARNING * * *
The river rat barely misses you.
You hit Eustachio.
Eustachio looks as sick as possible!
The bat closely misses you. x2; The quokka bites you.
* * * LOW HITPOINT WARNING * * *
Eustachio closely misses you. The quokka attacks as you move away!
The quokka misses you. The bat barely misses you.
The river rat attacks as you move away! The river rat bites you!
* * * LOW HITPOINT WARNING * * *
Eustachio attacks as you move away! Eustachio hits you but does no damage.
The river rat bites you.
You die...

..#####....
..>........#
...........#
........=..<#
...........@#
..)......rr.#
......<...r@#
..........b.#
####........#
#........#
#........#
#.......
#......


You could see Eustachio (extremely poisoned), 2 river rats, a quokka (summoned)
and a bat (summoned).

Vanquished Creatures
  2 ogres (D:4)
  6 gnolls
  An ufetubus (D:5)
  A worm (D:4)
  A dart slug (D:3)
  11 orcs
  6 ball pythons
  An endoplasm (D:2)
  3 giant cockroaches
  7 goblins
  16 hobgoblins
  3 jackals (D:3)
  3 kobolds
  2 quokkas
  2 bats
  4 frilled lizards
  7 rats
76 creatures vanquished.

Vanquished Creatures (others)
  An orc priest (D:4)
  An iguana (D:4)
  6 gnolls
  An adder (D:3)
  A dart slug (D:3)
  5 orcs
  2 endoplasms (D:4)
  A hobgoblin (D:4)
  3 jackals (D:3)
  A kobold (D:3)
22 creatures vanquished.

Grand Total: 98 creatures vanquished

Notes
Turn   | Place    | Note
-------+----------+-------------------------------------------
     0 | D:1      | Colgate the Kobold Brigand began the quest for the Orb.
     0 | D:1      | Reached XP level 1. HP: 12/12 MP: 1/1
   359 | D:1      | Reached XP level 2. HP: 10/17 MP: 2/2
  1040 | D:2      | Reached XP level 3. HP: 21/21 MP: 3/3
  1629 | D:2      | Noticed a green death
  1633 | D:2      | Found a faded altar of an unknown god.
  1637 | D:2      | Prayed at the altar of an unknown god.
  1637 | D:2      | Became a worshipper of Jiyva Jeodwyat the Shapeless
  1637 | D:2      | Reached * piety under Jiyva
  2433 | D:3      | Reached skill level 6 in Stealth
  2445 | D:3      | Reached ** piety under Jiyva
  2526 | D:3      | Reached skill level 1 in Spellcasting
  2531 | D:3      | Reached XP level 4. HP: 26/26 MP: 5/5
  3163 | D:4      | Found Nemeteeq's Jewellery Boutique.
  3204 | D:4      | Noticed an ogre
  3206 | D:4      | Killed an ogre
  3207 | D:4      | Reached XP level 5. HP: 30/30 MP: 6/10
  3231 | D:4      | Reached *** piety under Jiyva
  3233 | D:4      | Noticed an ogre
  3241 | D:4      | Killed an ogre
  3242 | D:4      | Reached XP level 6. HP: 35/35 MP: 11/11
  3245 | D:4      | Learned a level 1 spell: Magic Dart
  3332 | D:4      | Reached skill level 1 in Air Magic
  3701 | D:4      | Gained mutation: Your muscles are strong. (Str +2) [Jiyva's
                  | grace]
  3701 | D:4      | Gained mutation: Your muscles are very strong. (Str +4)
                  | [Jiyva's grace]
  3701 | D:4      | Gained mutation: Your translucent skin slightly reduces
                  | your foes' accuracy. (Stealth+) [Jiyva's grace]
  3701 | D:4      | Gained mutation: Your translucent skin reduces your foes'
                  | accuracy. (Stealth+) [Jiyva's grace]
  3893 | D:4      | Reached skill level 1 in Poison Magic
  4124 | D:5      | Entered Level 5 of the Dungeon
  4138 | D:5      | Noticed Eustachio
  4154 | D:5      | Slain by a river rat

Illustrated notes

Levels and vault maps discovered:
D:1:      tarquinn_simple_flora_water_d, layout_basic
D:2:      layout_basic, dreamdust_ecumenical_altar_sealed_demon
D:3:      layout_loops_cross
D:4:      cheibrodos_greedy_goblins, layout_basic, serial_shops,
          nicolae_lakefront_shop
D:5:      layout_gridville, minmay_gold_behind_fungi, uniq_eustachio

Skill      XL: |  1  2  3  4  5  6 |
---------------+-------------------+-----
Short Blades   | 3 4 |  4.2
Stealth        | 6 |  6.0
Spellcasting   | 1 3 |  3.6
Conjurations   | 2 |  2.6
Air Magic      | 1 |  1.1
Poison Magic   | 1 |  1.6
Fighting       | |  2.1
Throwing       | |  2.1
Dodging        | |  1.2

Action                   |  1- 3 |  4- 6 || total
-------------------------+-------+-------++-------
Melee: Dagger            |    67 |    99 ||   166
       Punch             |       |     1 ||     1
Throw: Dart              |     3 |     4 ||     7
 Cast: Magic Dart        |       |     1 ||     1
  Use: Scroll            |     3 |     2 ||     5
 Stab: Sleeping          |    16 |    15 ||    31
       Distracted        |     1 |       ||     1
Armor: Robe              |     9 |    27 ||    36
Dodge: Dodged            |    27 |    60 ||    87

Table legend: (Time is in decaauts)
 A = Elapsed time spent in this place.
 B = Non-inter-level travel time spent in this place.
 C = Inter-level travel time spent in this place.
 D = Time resting spent in this place.
 E = Time spent auto-exploring this place.
 F = Levels seen in this place.
 G = Mean time per level.
                   A        B        C        D        E       F      G
               +--------+--------+--------+--------+--------+-----+--------+
         Total |   4122 |   3953 |    169 |      0 |   3435 |   5 |  824.4 |
       Dungeon |   4122 |   3953 |    169 |      0 |   3435 |   5 |  824.4 |
               +--------+--------+--------+--------+--------+-----+--------+

Top non-repeatable levels by time:
     D:2: 1348 daAuts
     D:1: 1048 daAuts
     D:4: 1007 daAuts
     D:3: 690 daAuts
     D:5: 27 daAuts
